 Dungeon Crawl Stone Soup version 0.17.0-25-gefc9c12 (webtiles) character file.

48 4thArraOfDagon the Ruffian (level 3, 0/31 HPs)
             Began as a Troll Summoner on Nov 18, 2015.
             Shot with an arrow by a centaur (9 damage)
             ... on level 5 of the Dungeon.
             The game lasted 00:01:48 (248 turns).

4thArraOfDagon the Ruffian (Troll Summoner)          Turns: 248, Time: 00:01:48

Health: 0/31       AC:  5    Str: 18    XL:     3   Next: 50%
Magic:  1/3        EV:  9    Int: 12    God:
Gold:   24         SH:  0    Dex: 10    Spells: 1 memorised, 3 levels left

rFire  . . .     SeeInvis .       - Unarmed
rCold  . . .     Clarity  .     a - +0 robe
rNeg   . . .     SustAt   .     (no shield)
rPois  .         Gourm    +     (helmet restricted)
rElec  .         Spirit   .     (no cloak)
rCorr  .         Warding  .     (gloves unavailable)
rMut   .         Stasis   .     (boots unavailable)
MR     .....                    (no amulet)
Stlth  ..........               k - ring of loudness (curse)
                                f - +2 ring of strength

@: flying, very slightly contaminated, hasted, very quick, not resistant to
hostile enchantments, extremely unstealthy
A: unfitting armour, claws 3, fast metabolism 3, gourmand, regeneration 2,
shaggy fur 1, tough skin 2
a: no special abilities


You were on level 5 of the Dungeon.
You were not hungry.

You visited 1 branch of the dungeon, and saw 5 of its levels.

You collected 24 gold pieces.

Inventory:

Armour
 a - a +0 robe (worn)
Magical Staves
 g - an uncursed staff of air {unknown}
Jewellery
 d - an uncursed ring of ice
 f - a +2 ring of strength (left claw)
 k - a cursed ring of loudness (right claw)
Potions
 e - a potion of curing {unknown}
Books
 b - a book of Callings

   Spells                             Type                      Level
   a - Summon Small Mammal            Summoning                    1
   b - Call Imp                       Summoning                    2
   c - Call Canine Familiar           Summoning                    3
   d - Summon Guardian Golem          Hexes/Summoning              3
   e - Summon Lightning Spire         Summoning/Air                4
   f - Summon Ice Beast               Ice/Summoning                4
Comestibles
 c - 3 bread rations
 i - a royal jelly


   Skills:
 - Level 1.5 Dodging
 - Level 1.1 Stealth
 * Level 3.2 Unarmed Combat
 - Level 1.2 Spellcasting
 - Level 2.9 Summonings


You had 3 spell levels left.
You knew the following spells:

 Your Spells              Type           Power        Failure   Level  Hunger
a - Summon Small Mammal   Summ           #...         12%         1    ##.....


Dungeon Overview and Level Annotations

Branches:
Dungeon (5/15)
 Temple: D:4-7

Altars:

Annotations:
D:5 Dowan, Duvessa


Innate Abilities, Weirdness & Mutations

You are too large for most types of armour.
You have claws for hands.
Your metabolism is lightning-fast.
You like to eat raw meat.
You heal very quickly.
You are covered in fur (AC +1).
You have very tough skin (AC +2).


Message History

Unknown command.
The centaur shouts!
The orc barely misses you.
The centaur zombie moves out of view.
Duvessa gives up.
The centaur shoots an arrow.
The arrow hits you!
* * * LOW HITPOINT WARNING * * *
You see here an arrow.
Unknown command.
Unknown command.
Unknown command.
The centaur shoots an arrow.
The arrow misses you.
Unknown command.
Unknown command.
You see here an arrow.
Unknown command.
Unknown command.
Unknown command.
Unknown command.
The centaur shoots an arrow.
The arrow hits you!
You die...

..... ### .# .... #.. .#
#### ..#.##.# .#
..#####...#...##.#
#.##..Z.#...#....#
#.##..#Z..#...#..#
#.(g#...#...#...#.
#.#...#...#...#...
#@#o#...#...#...#.
........#.o.#...#...#...
##.#.##...#...#...#...#.
...>......#...#...#...
## .####c#..(#(..#...#.
##..#...#...#..#
...#...#...#..###
.##...#...#)..##
#.###.......#


You could see a centaur.

Vanquished Creatures
  A centaur zombie (D:5)
  A gnoll (D:5)
  An adder skeleton (D:4)
  A goblin (D:1)
  A quokka (D:4)
  A giant gecko skeleton (D:4)
6 creatures vanquished.

Notes
Turn   | Place    | Note
--------------------------------------------------------------
     0 | D:1      | 4thArraOfDagon the Troll Summoner began the quest for the Orb.
     0 | D:1      | Reached XP level 1. HP: 16/16 MP: 1/1
   108 | D:4      | Noticed a worker ant
   129 | D:4      | Reached skill level 1 in Unarmed Combat
   175 | D:5      | Entered Level 5 of the Dungeon
   205 | D:5      | Reached XP level 2. HP: 21/24 MP: 0/2
   218 | D:5      | Noticed a centaur zombie
   227 | D:5      | Killed a centaur zombie
   227 | D:5      | Reached skill level 3 in Unarmed Combat
   227 | D:5      | Reached XP level 3. HP: 21/31 MP: 1/3
   229 | D:5      | Noticed Duvessa
   229 | D:5      | Noticed a centaur
   230 | D:5      | Noticed Dowan
   230 | D:5      | RIP
   237 | D:5      | Noticed an orc warrior
   244 | D:5      | Noticed a centaur zombie
   248 | D:5      | Shot with an arrow by a centaur

Action                   || total
-------------------------++-------
Melee: Unarmed           ||    20
 Cast: Summon Small Mamm ||     2
  Use: Scroll            ||     2
       Potion            ||     2
  Eat: Chunk             ||     3
